 Dungeon Crawl Stone Soup version 0.30.0-15-g856e2d3f33 (webtiles) character file.

Game seed: 17320411812926821364

20 Kenran the Sneak (level 2, -5/18 HPs)
             Began as a Gargoyle Brigand on May 18, 2023.
             Slain by Jessica
             ... wielding a +6 spectral club
              (8 damage)
             ... on level 2 of the Dungeon.
             The game lasted 00:01:49 (957 turns).

Kenran the Sneak (Gargoyle Brigand)                  Turns: 957, Time: 00:01:49

Health: -5/18      AC: 11    Str: 14    XL:     2   Next: 79%
Magic:  2/2        EV:  6    Int: 11    God:
Gold:   9          SH:  0    Dex: 11    Spells: 1/1 levels left

rFire   . . .        g - +0 mace
rCold   . . .        (no shield)
rNeg    + + .        f - +0 chain mail
rPois   ∞            (no helmet)
rElec   +            c - +0 cloak
rCorr   .            (no gloves)
SInv    .            (no boots)
Will    .....        (no amulet) Stlth
                     i - ring of positive energy
HPRegen 0.23/turn    (no ring)
MPRegen 0.08/turn

%: no passive effects
@: brilliant
A: sickness immunity, AC +2, negative energy resistance 1, electricity
resistance, torment resistance 1, petrification resistance
a: no special abilities


You were on level 2 of the Dungeon.
You visited 1 branch of the dungeon, and saw 2 of its levels.

You collected 9 gold pieces.

Inventory:

Hand Weapons
 a - a +2 dagger
 g - a +0 mace (weapon)
Missiles
 d - 9 poisoned darts (quivered)
 e - 3 curare-tipped darts
Armour
 c - a +0 cloak (worn)
 f - a +0 chain mail (worn)
Jewellery
 i - a ring of positive energy (left hand)
Scrolls
 b - a scroll of fog {unknown}
 h - a scroll of butterflies {unknown}
 k - a scroll of enchant armour {unknown}
 l - a scroll of fear {unknown}
 m - a scroll of immolation {unknown}


   Skills:
 - Level 2.3 Fighting
 - Level 1.7 Short Blades
 + Level 2.2 Maces & Flails
 - Level 1.7 Throwing
 - Level 0.7 Dodging
 - Level 4.3 Stealth


You had one spell level left.
You didn't know any spells.
Your spell library contained the following spells:

 Spells                   Type           Power      Damage    Failure   Level
 Necrotise                Necr           0%         1d4       100%        1
 Frozen Ramparts          Ice            0%         1d1       100%        3
 Inner Flame              Hex/Fire       0%         N/A       100%        3
 Vampiric Draining        Necr           0%         2d6       100%        3
 Ice Form                 Ice/Tmut       0%         N/A       100%        4
 Summon Ice Beast         Ice/Summ       0%         N/A       100%        4
 Summon Lightning Spire   Summ/Air       0%         N/A       100%        4
 Agony                    Necr           0%         N/A       100%        5
 Yara's Violent Unravell  Hex/Tmut       0%         3d3       100%        5
 Enfeeble                 Hex            0%         N/A       100%        7
 Storm Form               Tmut/Air       0%         N/A       100%        7
 Maxwell's Capacitive Co  Air            0%         ∞         100%        8


Dungeon Overview and Level Annotations

Branches:
Dungeon (2/15)

Altars:

Annotations:
D:2 Jessica


Innate Abilities, Weirdness & Mutations

You are immune to sickness and miasma.
Your stone body is resilient. (AC +2)
You are immune to poison.
You resist negative energy. (rN+)
You are resistant to electric shocks. (rElec)
You are resistant to unholy torment.
You are immune to petrification.


Message History

Found three items.
Jessica mumbles some strange words.
Jessica blinks!
You completely miss the endoplasm. The endoplasm freezes you.
You are frozen.
Jessica grins evilly.
Jessica casts a spell at you. Pain shoots through your body!
You are too injured to fight recklessly!
Jessica mumbles some strange words.
Jessica blinks!
The endoplasm attacks as you move away! The endoplasm closely misses you.
You hit the endoplasm.
The endoplasm is moderately wounded.
The endoplasm freezes you.
You are frozen.
The endoplasm freezes you.
You are frozen.
You sock the endoplasm!
You kill the endoplasm!
It was a potion of brilliance.
You feel clever all of a sudden.
Jessica points at you and mumbles some strange words.
You are unaffected.
Jessica casts a spell.
Jessica seems to speed up.
You hit Jessica.
Jessica is heavily wounded.
Jessica hits you but does no damage. The +6 spectral club barely misses you.
Jessica hits you with a +6 spectral club.
The +6 spectral club barely misses you.
A +6 spectral club comes into view.
You hit Jessica.
Jessica is almost dead.
Jessica hits you with a +6 spectral club.
* * * LOW HITPOINT WARNING * * *
The +6 spectral club hits you but does no damage.
Jessica hits you with a +6 spectral club!
You die...

########
#....... ..#
#......# #.#
#....(.# #.#
#....?:# ## #.#
#......# .# #.#
#@###.#.#.#
#(@.....#.#
#######.####.#
.............###
#######.#......#
#.#.####.# #)#<#
#.# #.######.#
#........#
##########


You could see a +6 spectral club and Jessica (fast).

Vanquished Creatures
  A ball python (D:1)
  A bat (D:1)
  An endoplasm (D:2)
  A giant cockroach (D:1)
  2 hobgoblins (D:1)
  A kobold (D:1)
  2 quokkas (D:1)
  2 frilled lizards (D:1)
  4 goblins
  3 rats (D:1)
18 creatures vanquished.

Notes
Turn   | Place    | Note
-------+----------+-------------------------------------------
     0 | D:1      | Kenran the Gargoyle Brigand began the quest for the Orb.
     0 | D:1      | Reached XP level 1. HP: 12/12 MP: 1/1
   293 | D:1      | Reached skill level 1 in Maces & Flails
   311 | D:1      | Reached XP level 2. HP: 18/18 MP: 2/2
   648 | D:1      | Found a faded altar of an unknown god.
   945 | D:2      | Noticed Jessica
   957 | D:2      | Slain by Jessica

Illustrated notes

Levels and vault maps discovered:
D:1:      evilmike_arrival_crescent, layout_loops_corners,
          dreamdust_ecumenical_altar_angels_and_demons
D:2:      layout_basic, guppyfry_early_orc_mine, uniq_jessica

Skill      XL: |  1  2 |
---------------+-------+-----
Maces & Flails | 1 2 |  2.2
Fighting       | |  2.3
Short Blades   | |  1.7
Throwing       | |  1.7
Dodging        | |  0.7
Stealth        | |  4.3

Action                     || total
---------------------------++-------
  Melee: Mace              ||    54
         Dagger            ||     4
    Use: Potion            ||     1
 Armour: Chain mail        ||    46
  Dodge: Dodged            ||    24
